 Dungeon Crawl Stone Soup version 0.28.0-53-g5a82cb258f (webtiles) character file.

Game seed: 13467117745593891891

2844 unlimited1921 the Cleaver (level 9, -3/74 HPs)
             Began as a Gnoll Cinder Acolyte on July 14, 2022.
             Was a Follower of Ignis.
             Slain by a shadow (34 damage)
             ... on level 6 of the Dungeon on July 16, 2022.
             The game lasted 00:31:27 (9827 turns).

unlimited1921 the Cleaver (Gnoll Cinder Acolyte)    Turns: 9827, Time: 00:31:27

Health: -3/74      AC:  2    Str: 15    XL:     9   Next: 74%
Magic:  15/17      EV: 20    Int: 16    God:    Ignis [*.....]
Gold:   193        SH:  0    Dex: 13    Spells: 13/18 levels left

rFire   + . .      SeeInvis .     - Unarmed
rCold   . . .      Faith    .   (shield currently unavailable)
rNeg    . . .      Spirit   .   (armour currently unavailable)
rPois   x          Reflect  .   (helmet currently unavailable)
rElec   .          Harm     .   (cloak currently unavailable)
rCorr   .          Rampage  .   (gloves currently unavailable)
Will    .....                   (boots currently unavailable)
Stlth   +++.......              (no amulet)
HPRegen 0.22/turn               (no ring)
MPRegen 0.15/turn               (no ring)

@: spider-form (expiring)
A: venomous fangs, tiny, (fangs 1), strong nose, distributed training
a: End Transformation, Renounce Religion, Fiery Armour, Foxfire Swarm, Rising
Flame


You were on level 6 of the Dungeon.
You worshipped Ignis.
Ignis was aware of your devotion.
You were a venomous arachnid creature.
You visited 2 branches of the dungeon, and saw 7 of its levels.

You collected 262 gold pieces.
You spent 69 gold pieces at shops.

Inventory:

Hand Weapons
 a - a -1 hand axe of flaming
 g - a +0 long sword (melded)
 r - a +0 hunting sling
Missiles
 c - 149 stones
 q - 17 bolts
 u - 9 poisoned darts
 Q - 6 boomerangs
Armour
 b - a +0 robe
 p - a +1 pair of boots (melded)
 x - a +0 chain mail
 y - a +0 ring mail
 z - a +0 leather armour (melded)
Magical Staves
 D - a staff of fire
 F - a staff of poison
 K - a staff of air
Wands
 E - a wand of iceblast (15) (quivered)
 M - a wand of polymorph (5)
 O - a wand of charming (4)
Scrolls
 d - a scroll of fear {unknown}
 i - 4 scrolls of teleportation
 j - 4 scrolls of identify {unknown}
 m - a scroll of noise {unknown}
 n - 2 scrolls of amnesia {unknown}
 w - a scroll of fog {unknown}
 A - 2 scrolls of holy word {unknown}
 C - a scroll of acquirement {unknown}
 G - 2 scrolls of blinking {unknown}
 H - a scroll of torment {unknown}
 N - a scroll of enchant weapon {unknown}
 P - a scroll of immolation {unknown}
Potions
 e - 6 potions of curing
 f - 2 potions of lignification {unknown}
 h - a potion of heal wounds {unknown}
 k - a potion of attraction {unknown}
 l - a potion of brilliance {unknown}
 o - a potion of flight {unknown}
 s - a potion of resistance {unknown}
 t - a potion of experience {unknown}
 v - a potion of might {unknown}
 B - a potion of haste
 I - a potion of berserk rage {unknown}
 J - a potion of mutation {unknown}
 L - a potion of ambrosia {unknown}


   Skills:
 + Level 8.0 Fighting
 + Level 4.5 Short Blades
 + Level 4.5 Long Blades
 + Level 8.0 Axes
 + Level 4.5 Maces & Flails
 + Level 4.5 Polearms
 + Level 4.5 Staves
 + Level 4.5 Slings
 + Level 4.5 Bows
 + Level 4.5 Crossbows
 + Level 4.5 Throwing
 + Level 4.5 Armour
 + Level 4.5 Dodging
 + Level 4.5 Stealth
 + Level 4.5 Shields
 + Level 4.5 Unarmed Combat
 + Level 5.4 Spellcasting
 + Level 3.7 Conjurations
 + Level 3.7 Hexes
 + Level 3.7 Summonings
 + Level 3.7 Necromancy
 + Level 3.7 Translocations
 + Level 3.7 Transmutations
 + Level 6.7 Fire Magic
 + Level 3.7 Ice Magic
 + Level 3.7 Air Magic
 + Level 3.7 Earth Magic
 + Level 3.7 Poison Magic
 + Level 5.0 Invocations
 + Level 4.5 Evocations


You had 13 spell levels left.
You knew the following spells:

 Your Spells              Type           Power      Damage    Failure   Level
a - Scorch                Fire           50%        2d8       6%          2
b - Spider Form           Tmut/Pois      16%        N/A       24%         3

Your spell library contained the following spells:

 Spells                   Type           Power      Damage    Failure   Level
 Beastly Appendage        Tmut           32%        N/A       11%         1
 Wereblood                Tmut           16%        N/A       14%         2


Dungeon Overview and Level Annotations

Branches:
Dungeon (6/15)             Temple (1/1) D:4

Altars:
Ashenzari
Cheibriados
Elyvilon
Fedhas
Hepliaklqana
Okawaru
Ru
Uskayaw
Wu Jian
Zin
Lugonu

Shops:
D:1 (   D:3 *


Innate Abilities, Weirdness & Mutations

You are a venomous arachnid creature.
You have poisonous fangs.
You are tiny and dextrous.
Your spellcasting is less reliable in this form.
Your armour is entirely melded.
You are incapable of wielding weapons or throwing items.
((You have very sharp teeth.))
Your uncanny sense of smell can sniff out nearby items.
Your experience applies equally to all skills.


Message History

The centaur misses you. The centaur barely misses you.
The centaur completely misses you. The centaur kicks you.
Your magical contamination has completely faded away.
You barely miss the centaur.
The centaur is severely wounded.
The centaur completely misses you. x2
You hit the centaur.
The centaur looks as sick as possible!
The centaur is almost dead.
The centaur closely misses you. The centaur kicks you.
You hit the centaur but do no damage.
The centaur looks as sick as possible!
The centaur is almost dead.
The centaur closely misses you. The centaur barely misses you.
The centaur closely misses you. The centaur completely misses you.
You kill the centaur!
There is an open door here.
You see here a +0 whip.
You see here a scorpion corpse.
You start resting.
A shadow is nearby!
Your transformation is almost over.
The shadow hits you!
A bullfrog zombie comes into view.
You see here a +0 whip.
The shadow closely misses you. The shadow hits you. The shadow misses you.
You hit the shadow.
The shadow is lightly damaged.
The shadow barely misses you.
You hit the shadow.
The shadow is moderately damaged.
The shadow hits you.
You barely miss the shadow.
The shadow is moderately damaged.
The shadow slips into darkness.
The shadow flickers and vanishes!
Deactivating autopickup; reactivate with Ctrl-A.
You hit something.
The shadow strikes at you from the darkness!
You die...

##..........#.
##.............###
##.....#######....#
......##..
#.#.######## #.....#
.## #.#...##...##
......# #?#
#...........# ..#..##
#$##+##...........#
..##.#
∆#..8#...........#
...#.# ∆
∆#).Z{s..........#
.....##
#$##'##).........##
..##..# #$#8
#.....##...## ......#
.# # #.†.########
......##. ##.#.###
.......#### #......#
..........#####.....#
........#...).).....#
....##########......#


You could see a bullfrog zombie.

Vanquished Creatures
  3 centaur zombies (D:5)
  A sky beast (D:6)
  5 necrophages
  An orc warrior (D:6)
  3 ogres
  2 centaurs
  3 bullfrogs (D:6)
  A wyvern zombie (D:6)
  4 scorpions
  2 bullfrog zombies
  2 hounds
  2 jellies
  A centaur skeleton (D:5)
  5 iguanas
  2 orc wizards
  A hound skeleton (D:5)
  A howler monkey zombie (D:4)
  7 adders
  4 gnolls (D:2)
  A white imp (D:5)
  2 ufetubi
  An adder zombie (D:4)
  3 worms
  2 dart slugs
  11 orcs
  3 bats
  An endoplasm (D:1)
  7 giant cockroaches
  10 goblins
  11 hobgoblins
  7 quokkas
  5 ball pythons
  4 frilled lizards
  7 kobolds
  5 rats
130 creatures vanquished.

Vanquished Creatures (others)
  3 bushes (D:4)
  2 demonic plants (Temple)
  11 foxfires (D:2)
  12 plants (D:4)
28 creatures vanquished.

Grand Total: 158 creatures vanquished

Notes
Turn   | Place    | Note
-------+----------+-------------------------------------------
     0 | D:1      | unlimited1921 the Gnoll Cinder Acolyte began the quest for
                  | the Orb.
     0 | D:1      | Reached XP level 1. HP: 23/23 MP: 4/4
   346 | D:1      | Reached XP level 2. HP: 20/29 MP: 5/5
   731 | D:1      | Found a faded altar of an unknown god.
   986 | D:1      | You fall into a shaft and drop 1 floor!
  1253 | D:2      | HP: 1/29 [gnoll/+0 spear (7)]
  1782 | D:1      | Found Ysterem's Weapon Boutique.
  2024 | D:1      | Reached XP level 3. HP: 33/35 MP: 7/7
  3178 | D:2      | Reached skill level 1 in Invocations
  3195 | D:2      | Reached skill level 1 in Short Blades
  3195 | D:2      | Reached skill level 1 in Long Blades
  3195 | D:2      | Reached skill level 1 in Maces & Flails
  3195 | D:2      | Reached skill level 1 in Polearms
  3195 | D:2      | Reached skill level 1 in Staves
  3195 | D:2      | Reached skill level 1 in Slings
  3195 | D:2      | Reached skill level 1 in Bows
  3195 | D:2      | Reached skill level 1 in Crossbows
  3195 | D:2      | Reached skill level 1 in Throwing
  3195 | D:2      | Reached skill level 1 in Armour
  3195 | D:2      | Reached skill level 1 in Dodging
  3195 | D:2      | Reached skill level 1 in Stealth
  3195 | D:2      | Reached skill level 1 in Shields
  3195 | D:2      | Reached skill level 1 in Unarmed Combat
  3195 | D:2      | Reached skill level 1 in Evocations
  3195 | D:2      | Reached XP level 4. HP: 20/41 MP: 8/8
  4252 | D:2      | Reached skill level 1 in Conjurations
  4252 | D:2      | Reached skill level 1 in Hexes
  4252 | D:2      | Reached skill level 1 in Summonings
  4252 | D:2      | Reached skill level 1 in Necromancy
  4252 | D:2      | Reached skill level 1 in Translocations
  4252 | D:2      | Reached skill level 1 in Transmutations
  4252 | D:2      | Reached skill level 1 in Ice Magic
  4252 | D:2      | Reached skill level 1 in Air Magic
  4252 | D:2      | Reached skill level 1 in Earth Magic
  4252 | D:2      | Reached skill level 1 in Poison Magic
  4469 | D:3      | Found Itrahomp's Assorted Antiques.
  4494 | D:3      | Reached XP level 5. HP: 36/47 MP: 9/9
  4506 | D:3      | Bought a fizzy white potion for 22 gold pieces
  4506 | D:3      | Bought a scroll labelled ZUIKLINUGO for 25 gold pieces
  4506 | D:3      | Bought a sedimented brown potion for 22 gold pieces
  4886 | D:3      | Learned a level 2 spell: Scorch
  5184 | D:3      | Found an iron altar of Okawaru.
  5250 | D:4      | Noticed an ogre
  5259 | D:4      | Killed an ogre
  5260 | D:4      | Reached XP level 6. HP: 38/53 MP: 9/11
  5721 | D:4      | Reached XP level 7. HP: 25/59 MP: 3/12
  5982 | D:4      | Found a blossoming altar of Fedhas.
  6497 | D:4      | Reached XP level 8. HP: 43/67 MP: 14/14
  6733 | D:4      | Found a staircase to the Ecumenical Temple.
  6750 | Temple   | Entered the Ecumenical Temple
  6835 | D:4      | Found a hazy altar of Hepliaklqana.
  7249 | D:5      | Entered Level 5 of the Dungeon
  7631 | D:5      | Reached XP level 9. HP: 37/73 MP: 6/16
  8086 | D:5      | Reached skill level 5 in Spellcasting
  8921 | D:6      | Learned a level 3 spell: Spider Form
  9670 | D:6      | Reached skill level 5 in Invocations
  9827 | D:6      | Slain by a shadow

Illustrated notes

Levels and vault maps discovered:
D:1:      wheals_arrival_linesprint, layout_rooms, serial_shops,
          nicolae_shop_bloodbath_and_beyond, basic_ecumenical_altar
D:2:      layout_rooms, nicolae_underground_beach
D:3:      layout_loops_ring, okawaru_trees_1, serial_shops,
          nicolae_shop_behind_doors, serial_park_tiny_1, minmay_misc_feat_chi,
          minmay_crystal_room, minmay_misc_feat_roman,
          chequers_serial_rivers_small_b, minmay_close_crescents
D:4:      layout_basic, fedhas_altar_decomposition, nzn_hepliaklqana_mist_gate,
          minmay_temple_entry_statues_fountains
D:5:      layout_basic, roderic_lattice_a
D:6:      minmay_chambers_of_sixes, layout_rooms,
          nicolae_overflow_hallway_of_the_gods
Temple:   corrupted_temple

Skill      XL: |  1  2  3  4  5  6  7  8  9 |
---------------+----------------------------+-----
Invocations    | 1 2 3 4 5 |  5.0
Short Blades   | 1 2 3 4 |  4.5
Long Blades    | 1 2 3 4 |  4.5
Maces & Flails | 1 2 3 4 |  4.5
Polearms       | 1 2 3 4 |  4.5
Staves         | 1 2 3 4 |  4.5
Slings         | 1 2 3 4 |  4.5
Bows           | 1 2 3 4 |  4.5
Crossbows      | 1 2 3 4 |  4.5
Throwing       | 1 2 3 4 |  4.5
Armour         | 1 2 3 4 |  4.5
Dodging        | 1 2 3 4 |  4.5
Stealth        | 1 2 3 4 |  4.5
Shields        | 1 2 3 4 |  4.5
Unarmed Combat | 1 2 3 4 |  4.5
Evocations     | 1 2 3 4 |  4.5
Spellcasting   | 3 4 5 |  5.4
Conjurations   | 1 2 3 |  3.7
Hexes          | 1 2 3 |  3.7
Summonings     | 1 2 3 |  3.7
Necromancy     | 1 2 3 |  3.7
Translocations | 1 2 3 |  3.7
Transmutations | 1 2 3 |  3.7
Ice Magic      | 1 2 3 |  3.7
Air Magic      | 1 2 3 |  3.7
Earth Magic    | 1 2 3 |  3.7
Poison Magic   | 1 2 3 |  3.7
Fighting       | 7 8 |  8.0
Axes           | 7 8 |  8.0
Fire Magic     | 6 |  6.7

Action                   |  1- 3 |  4- 6 |  7- 9 || total
-------------------------+-------+-------+-------++-------
Melee: Hand axe          |    37 |       |       ||    37
       Bite              |     5 |     4 |    10 ||    19
       Long sword        |    62 |    89 |    64 ||   215
       Punch             |       |     4 |     4 ||     8
       Unarmed           |       |       |    64 ||    64
 Cast: Scorch            |       |     7 |    64 ||    71
       Spider Form       |       |       |     7 ||     7
Invok: Fiery Armour      |     1 |     6 |     3 ||    10
       Foxfire Swarm     |       |     1 |       ||     1
  Use: Potion            |     1 |     1 |       ||     2
       Scroll            |       |       |     1 ||     1
 Stab: Sleeping          |       |     2 |     2 ||     4
Armor: Robe              |    23 |    47 |    11 ||    81
       Leather armour    |       |       |    39 ||    39
       Skin              |       |       |     1 ||     1
Dodge: Dodged            |    79 |    75 |   143 ||   297
